 Dungeon Crawl Stone Soup version 0.22-a0-776-ge6d7efa (webtiles) character file.

29 Amnesiac the Digger (level 3, -15/27 HPs)
             Began as a Demonspawn Earth Elementalist on July 18, 2018.
             Demolished by an ogre
             ... wielding a cursed -1 giant club
              (18 damage)
             ... on level 4 of the Dungeon.
             The game lasted 00:01:33 (671 turns).

Amnesiac the Digger (Demonspawn Earth Elementalist)  Turns: 671, Time: 00:01:34

Health: -15/27     AC:  2    Str:  8    XL:     3   Next: 1%
Magic:  0/6        EV: 12    Int: 17    God:
Gold:   101        SH:  0    Dex: 15    Spells: 3/6 levels left

rFire    + . .     SeeInvis .   (no weapon)
rCold    . . .     Gourm    .   (no shield)
rNeg     . . .     Faith    .   c - +0 robe
rPois    .         Spirit   .   (no helmet)
rElec    .         Reflect  .   (no cloak)
rCorr    .         Harm     .   (no gloves)
MR       .....                  (no boots)
Stlth    ++........             (no amulet)
HPRegen  0.09/turn              (no ring)
MPRegen  0.10/turn              (no ring)

@: no status effects
A: thin skeletal structure 1, fire resistance 1
a: no special abilities


You were on level 4 of the Dungeon.
You were not hungry.

You visited 1 branch of the dungeon, and saw 4 of its levels.

You collected 101 gold pieces.

Inventory:

Missiles
 b - 52 stones (quivered)
Armour
 c - a +0 robe (worn)
Scrolls
 a - a scroll of immolation {!r, unknown}
 e - 2 scrolls of identify {!r, unknown}
Potions
 g - a potion of mutation {!q, unknown}
Comestibles
 d - 2 rations
 f - 4 chunks of flesh


   Skills:
 + Level 1.9 Fighting
 + Level 1.9 Dodging
 + Level 1.9 Stealth
 + Level 2.1 Spellcasting
 - Level 1.0 Transmutations
 * Level 2.9 Earth Magic


You had 3 spell levels left.
You knew the following spells:

 Your Spells              Type           Power        Failure   Level  Hunger
a - Sandblast             Erth           ##....       6%          1    #......
b - Passwall              Tmut/Erth      #.......     13%         2    ###....

Your spell library contained the following spells:

 Spells                   Type           Power        Failure   Level  Hunger
 Throw Frost              Conj/Ice       #.....       28%         2    ###....
 Freeze                   Ice            #...         19%         1    #......
 Summon Ice Beast         Ice/Summ       #.......     88%         4    #####..
 Ozocubu's Armour         Chrm/Ice       #.......     50%         3    ###....
 Stone Arrow              Conj/Erth      #.....       32%         3    ###....
 Throw Icicle             Conj/Ice       #.......     88%         4    #####..
 Lee's Rapid Deconstruct  Erth           ##........   85%         5    ######.
 Petrify                  Tmut/Erth      #.......     63%         4    #####..


Dungeon Overview and Level Annotations

Branches:
Dungeon (4/15)
 Temple: D:4-7

Altars:
Wu Jian


Innate Abilities, Weirdness & Mutations

You have a somewhat thin skeletal structure. (Dex +2, Stealth)
Your flesh is heat resistant. (rF+)


Message History

Throwing (i - inventory)
b - 60 stones (quivered)
Press: ? - help, Shift-Dir - straight line, f - ogre
Aim: an ogre, wielding a giant club You throw a stone.
The stone hits the ogre but does no damage.
Throwing (i - inventory)
b - 59 stones (quivered)
Press: ? - help, Shift-Dir - straight line, f/p - ogre
Aim: an ogre, wielding a giant club You throw a stone.
The stone hits the ogre but does no damage.
Casting: Passwall (safe; 13% risk of failure)
Confirm with . or Enter, or press ? or * to list all spells.
Aiming: Sandblast (safe; 6% risk of failure)
Press: ? - help, Shift-Dir - straight line, f/p - ogre
Aim: an ogre, wielding a giant club The blast of sand hits the ogre.
The ogre is lightly wounded.
b - 57 stones
Casting: Sandblast (safe; 6% risk of failure)
Confirm with . or Enter, or press ? or * to list all spells.
Aiming: Sandblast (safe; 6% risk of failure)
Press: ? - help, Shift-Dir - straight line, f/p - ogre
Aim: an ogre, wielding a giant club (lightly wounded)
The blast of sand misses the ogre.
b - 56 stones
Casting: Sandblast (safe; 6% risk of failure)
Confirm with . or Enter, or press ? or * to list all spells.
Aiming: Sandblast (safe; 6% risk of failure)
Press: ? - help, Shift-Dir - straight line, f/p - ogre
Aim: an ogre, wielding a giant club (lightly wounded)
The blast of sand hits the ogre.
The ogre is lightly wounded.
b - 55 stones The ogre closely misses you.
Casting: Sandblast (safe; 6% risk of failure)
Confirm with . or Enter, or press ? or * to list all spells.
Aiming: Sandblast (safe; 6% risk of failure)
Press: ? - help, Shift-Dir - straight line, f/p - ogre
Aim: an ogre, wielding a giant club (lightly wounded)
The blast of sand hits the ogre.
The ogre is moderately wounded.
b - 54 stones
Casting: Sandblast (safe; 6% risk of failure)
Confirm with . or Enter, or press ? or * to list all spells.
Aiming: Sandblast (safe; 6% risk of failure)
Press: ? - help, Shift-Dir - straight line, f/p - ogre
Aim: an ogre, wielding a giant club (moderately wounded)
The blast of sand hits the ogre.
The ogre is moderately wounded.
b - 53 stones The ogre hits you with a giant club!!
Ouch! That really hurt!
* * * LOW HITPOINT WARNING * * *
Casting: Sandblast (safe; 6% risk of failure)
Confirm with . or Enter, or press ? or * to list all spells.
Aiming: Sandblast (safe; 6% risk of failure)
Press: ? - help, Shift-Dir - straight line, f/p - ogre
Aim: an ogre, wielding a giant club (moderately wounded)
The blast of sand hits the ogre.
The ogre is heavily wounded.
b - 52 stones The ogre hits you with a giant club!!
Ouch! That really hurt!
You die...

## ######.... #
#......... ..
##.####### ... #
#<........ ..s.
...##.#.######### .....
........@O..((..#......
.....................>.
....#.#.#######.#.#.#.#
..# #.#.# ..# # . #.#.#
...# # #.. ....# ...
...... ... .......
########


You could see an ogre.

Vanquished Creatures
  2 adders (D:2)
  2 orcs (D:3)
  A ball python (D:3)
  A goblin (D:3)
  A kobold (D:2)
  A bat (D:2)
  2 frilled lizards
10 creatures vanquished.

Vanquished Creatures (others)
  A fungus (D:2)
1 creature vanquished.

Grand Total: 11 creatures vanquished

Notes
Turn   | Place    | Note
-------+----------+-------------------------------------------
     0 | D:1      | Amnesiac the Demonspawn Earth Elementalist began the quest for the Orb.
     0 | D:1      | Reached XP level 1. HP: 13/13 MP: 3/3
    48 | D:2      | Reached skill level 1 in Fighting
    48 | D:2      | Gained mutation: You have a somewhat thin skeletal structure. (Dex +2, Stealth) [demonic ancestry]
    48 | D:2      | Reached XP level 2. HP: 8/22 MP: 0/5
   233 | D:2      | Learned a level 2 spell: Passwall
   294 | D:2      | Reached skill level 1 in Transmutations
   551 | D:3      | Found an ornate altar of the Wu Jian Council.
   562 | D:3      | Gained mutation: Your flesh is heat resistant. (rF+) [demonic ancestry]
   562 | D:3      | Reached XP level 3. HP: 27/27 MP: 1/6
   651 | D:4      | Noticed an ogre
   656 | D:4      | Noticed a scorpion
   671 | D:4      | Demolished by an ogre

Vault maps used:
D:1:      dpeg_arrival_morbid_curiosity, minivault_4, glass_columns_c
D:2:      first_ration, minmay_gold_behind_fungi, minmay_box_of_dots
D:3:      lemuel_round_altar, uniq_terence, uniq_robin, uniq_crazy_yiuf_cottage

Skill      XL: |  1  2 |
---------------+-------+-----
Fighting       | 1 |  1.9
Transmutations | 1 |  1.0
Dodging        | |  1.9
Stealth        | |  1.9
Spellcasting   | |  2.1
Earth Magic    | |  2.9

Action                   || total
-------------------------++-------
Melee: Unarmed           ||     3
Throw: Stone             ||     2
 Cast: Sandblast         ||    25
       Passwall          ||     1
Armor: Robe              ||     3
Dodge: Dodged            ||    19

Table legend:
 A = Spawn XP
 B = Non-spawn XP
 C = Spawn XP percentage of total XP
 D = Spawn monster count
 E = Non-spawn monster count
 F = Spawn count percentage of total count
 G = Total turns spent on level
                    A         B        C        D         E        F      G
               +---------+---------+-------+---------+---------+-------+---------
         Total |       0 |      42 |   0.0 |       0 |      10 |   0.0 |   671
               +---------+---------+-------+---------+---------+-------+---------
           D:2 |       0 |      31 |   0.0 |       0 |       5 |   0.0 |   318
           D:3 |       0 |      11 |   0.0 |       0 |       5 |   0.0 |   292
               +---------+---------+-------+---------+---------+-------+---------
